 Dungeon Crawl Stone Soup version 0.31-a0-1008-g5b978dac0e (webtiles) character file.

Game seed: 17315673862557956023

521 Colgate the Ruffian (level 7, -2/63 HPs)
             Began as a Troll Shapeshifter on Nov 13, 2023.
             Was a Follower of Ru.
             Slain by Edmund
             ... wielding a +3 flail of protection
              (10 damage)
             ... on level 4 of the Dungeon.
             The game lasted 00:12:59 (2615 turns).

Colgate the Ruffian (Troll Shapeshifter)            Turns: 2615, Time: 00:13:00

Health: -2/63      AC:  4    Str: 29    XL:     7   Next: 1%
Magic:  15/15      EV:  9    Int:  6    God:    Ru [*.....]
Gold:   110        SH:  0    Dex:  9    Spells: 6/6 levels left

rFire   . .          .
                       - Unarmed
rCold   . . .        (no shield)
rNeg    . . .        a - +0 animal skin
rPois   .            (helmet currently unavailable)
rElec   +            (cloak currently unavailable)
rCorr   .            (gloves unavailable)
SInv    .            (boots unavailable)
Will    .....        v - amulet of faith
Stlth   ++           o - ring "Tosum" {Drain rElec MP+9 Str+4 Stlth+}
HPRegen 1.10/turn    (no ring)
MPRegen 0.14/turn

%: inaccuracy (-5), faith
@: beast-form
A: beast (slay +1), large, unfitting armour, claws 3, regeneration 1, shaggy fur
1, tough skin 1, missing an eye
a: Begin Untransformation, Renounce Religion


You were on level 4 of the Dungeon.
You worshipped Ru.
Ru was aware of your devotion.
You were a hulking beast.
You visited 1 branch of the dungeon, and saw 4 of its levels.

You collected 110 gold pieces.

Inventory:

Armour
 a - a +0 animal skin (worn)
 n - a +0 cloak
Jewellery
 i - a ring of fire
 k - a ring of ice
 o - the ring "Tosum" (left claw) {Drain rElec MP+9 Str+4 Stlth+}
   (You found it on level 3 of the Dungeon)

   [ring of magical power]

   Str+4:     It affects your strength (+4).
   rElec:     It insulates you from electricity.
   MP+9:      It affects your magic capacity (+9).
   Drain:     It drains your maximum health when unequipped.
   Stlth+:    It makes you more stealthy.
 v - an amulet of faith (around neck)
Talismans
 c - a beast talisman
 d - a flux talisman
Wands
 l - a wand of roots (9) {@v2}
 t - a wand of mindburst (11)
Scrolls
 g - a scroll of enchant weapon {unknown}
 h - a scroll of enchant armour {unknown}
 m - 2 scrolls of fear
 q - a scroll of vulnerability {unknown}
 u - a scroll of teleportation {unknown}
Potions
 b - 3 potions of lignification
 e - a potion of brilliance
 f - 6 potions of curing {@q1}
 j - 2 potions of mutation
 p - a potion of enlightenment {unknown}
 r - a potion of might {unknown}
 s - a potion of magic {unknown}


   Skills:
 - Level 1.6 Fighting
 - Level 1.5 Dodging
 + Level 7.8 Unarmed Combat
 - Level 3.0 Shapeshifting


You had 6 spell levels left.
You didn't know any spells.
Your spell library contained the following spells:

 Spells                   Type           Power      Damage    Failure   Level
 Apportation              Tloc           0%         N/A       45%         1
 Jinxbite                 Hex            0%         N/A       58%         2
 Inner Flame              Hex/Fire       0%         N/A       83%         3
 Alistair's Intoxication  Tmut/Pois      0%         N/A       100%        5
 Yara's Violent Unravell  Hex/Tmut       0%         3d3       100%        5
 Enfeeble                 Hex            0%         N/A       100%        7


Dungeon Overview and Level Annotations

Branches:
Dungeon (4/15)
 Temple: D:4-7

Altars:
Fedhas
Ru
Trog
Wu Jian

Shops:
D:4 =

Annotations:
D:4 Dowan, Edmund


Innate Abilities, Weirdness & Mutations

You are a hulking beast.
Your limbs bulge with bestial killing power. (Slay +1)
You are too large for most types of armour.
You have claws for hands.
Your natural rate of healing is unusually fast.
You are covered in fur. (AC +1)
You have tough skin. (AC +1)
You are missing an eye, making it more difficult to aim.


Message History

a +0 club; a goblin corpse A black bear comes into view.
Things that are here:
a +0 club; a goblin corpse
Found a blossoming altar of Fedhas.
Edmund shouts!
You hear an angry growl.
Edmund says, "I'm quite good with sums, too."
There is a stone staircase leading up here.
You swing at nothing.
You swing at nothing.
You barely miss Edmund. Edmund barely misses you.
You barely miss Edmund.
Edmund hits you with a +3 flail of protection!
You claw Edmund! You barely miss Edmund.
Edmund hits you with a +3 flail of protection.
You claw Edmund!
Edmund hits you with a +3 flail of protection!
You barely miss Edmund.
Edmund hits you with a +3 flail of protection!
You miss Edmund.
Edmund hits you with a +3 flail of protection!
You barely miss Edmund.
Edmund hits you with a +3 flail of protection!
* * * LOW HITPOINT WARNING * * *
You scratch Edmund but do no damage. You closely miss Edmund.
Edmund hits you with a +3 flail of protection!
* * * LOW HITPOINT WARNING * * *
You barely miss Edmund.
Edmund hits you with a +3 flail of protection.
* * * LOW HITPOINT WARNING * * *
You scratch Edmund but do no damage.
Edmund hits you with a +3 flail of protection.
* * * LOW HITPOINT WARNING * * *
Okay, then.
It was a potion of curing.
You feel better.
Edmund hits you with a +3 flail of protection!
You die...
Edmund says, "That'll show my brother!"

#.## #.# ..# # #.#
#.# # #.# ##.####
#.# #∩....# #.#
#.....# #.#
###......
####.#####.).....#
#h@..............#
###.####.####....#
#.##.....##.#.##
#.#.......#...#
#.#.......#.#.#
#....._.......#
#.#.......#.. #
#.#....h..#.## #
##.....## #


You could see Edmund.

Vanquished Creatures
  Sigmund (D:2)
  2 hounds (D:4)
  A jelly (D:4)
  An iguana (D:4)
  Ijyb (D:4)
  Natasha (D:2)
  5 adders (D:2)
  7 gnolls
  3 dart slugs
  An orc (D:3)
  7 bats
  7 endoplasms
  3 giant cockroaches
  5 goblins
  8 hobgoblins
  2 jackals (D:2)
  5 kobolds
  5 quokkas
  2 ball pythons
  6 frilled lizards
  A rat (D:1)
74 creatures vanquished.

Notes
Turn   | Place    | Note
-------+----------+-------------------------------------------
     0 | D:1      | Colgate the Troll Shapeshifter began the quest for the Orb.
     0 | D:1      | Reached XP level 1. HP: 18/18 MP: 0/0
   146 | D:1      | Reached XP level 2. HP: 26/26 MP: 1/1
   330 | D:1      | You fall into a shaft and drop 1 floor!
   334 | D:2      | Noticed Sigmund
   450 | D:1      | Reached skill level 4 in Unarmed Combat
   535 | D:2      | Killed Sigmund
   536 | D:2      | Reached skill level 6 in Unarmed Combat
   536 | D:2      | Reached XP level 3. HP: 31/32 MP: 2/2
   536 | D:2      | Reached XP level 4. HP: 39/40 MP: 3/3
   536 | D:2      | Reached XP level 5. HP: 45/46 MP: 4/4
   561 | D:2      | Reached skill level 1 in Fighting
  1088 | D:2      | Reached XP level 6. HP: 34/57 MP: 5/5
  1204 | D:2      | Noticed Natasha
  1212 | D:2      | Killed Natasha
  1295 | D:2      | Found a faded altar of an unknown god.
  1471 | D:2      | Prayed at the altar of an unknown god.
  1471 | D:2      | Became a worshipper of Ru the Awakened
  1497 | D:3      | Gained mutation: You are missing an eye, making it more
                  | difficult to aim. [Ru sacrifice]
  1497 | D:3      | Reached * piety under Ru
  1601 | D:3      | Identified the ring "Tosum" {Drain rElec MP+9 Str+4 Stlth+}
  1618 | D:3      | Found a bloodstained altar of Trog.
  1840 | D:3      | Found an ornate altar of the Wu Jian Council.
  1973 | D:3      | Reached skill level 7 in Unarmed Combat
  2362 | D:4      | Noticed Edmund
  2423 | D:4      | Noticed Ijyb
  2432 | D:4      | Killed Ijyb
  2454 | D:4      | Reached XP level 7. HP: 63/63 MP: 6/6
  2492 | D:4      | Found Karius's Jewellery Boutique.
  2574 | D:4      | Noticed Dowan
  2591 | D:4      | Found a blossoming altar of Fedhas.
  2614 | D:4      | HP: 1/63 [Edmund/+3 flail of protection (5)]
  2615 | D:4      | Slain by Edmund

Illustrated notes

Levels and vault maps discovered:
D:1:      lightli_arrival_chessboard, layout_rooms, solitary_fountain
D:2:      wander_river, layout_basic, ebering_ecumenical_altar_mist,
          hangedman_decor_peaks_small, kennysheep_crisscross,
          minmay_small_reverse_x, uniq_sigmund, uniq_natasha
D:3:      layout_loops_ring, old_standard_altar, nzn_wu_jian_council_hall,
          minmay_pentangle
D:4:      layout_basic, old_standard_altar, minmay_shop_enchanted_jewellery,
          minmay_misc_feat_room, uniq_pikel, uniq_ijyb, uniq_duvessa,
          uniq_edmund

Skill      XL: |  1  2  3  4  5  6 |
---------------+-------------------+-----
Unarmed Combat | 6 7 |  7.8
Fighting       | 1 |  1.6
Dodging        | |  1.5
Shapeshifting  | |  3.0

Action                     |  1- 3 |  4- 6 |  7- 9 || total
---------------------------+-------+-------+-------++-------
  Melee: Unarmed           |    40 |   121 |    22 ||   183
         Punch             |     2 |     5 |       ||     7
 Invoke: Sacrifice an Eye  |       |     1 |       ||     1
  Evoke: Wand              |       |     1 |       ||     1
    Use: Scroll            |       |     3 |       ||     3
         Potion            |       |       |     1 ||     1
 Armour: Animal skin       |    27 |    75 |    12 ||   114
  Dodge: Dodged            |    12 |    37 |     6 ||    55

Table legend: (Time is in decaauts)
 A = Elapsed time spent in this place.
 B = Non-inter-level travel time spent in this place.
 C = Inter-level travel time spent in this place.
 D = Time resting spent in this place.
 E = Time spent auto-exploring this place.
 F = Levels seen in this place.
 G = Mean time per level.
                   A        B        C        D        E       F      G
               +--------+--------+--------+--------+--------+-----+--------+
         Total |   2591 |   2455 |    136 |     13 |   1843 |   4 |  647.8 |
       Dungeon |   2591 |   2455 |    136 |     13 |   1843 |   4 |  647.8 |
               +--------+--------+--------+--------+--------+-----+--------+

Top non-repeatable levels by time:
     D:2: 995 daAuts
     D:3: 852 daAuts
     D:1: 510 daAuts
     D:4: 233 daAuts
